 Dungeon Crawl Stone Soup version 0.27-a0-887-gcab673c142 (webtiles) character file.

Game seed: 2646543164332971578

322 jestyr24 the Chopper (level 6, -9/53 HPs)
             Began as a Hill Orc Fighter on Apr 4, 2021.
             Was an Elder of Cheibriados.
             Killed from afar by a gargoyle (23 damage)
             ... with a stone arrow
             ... on level 7 of the Dungeon.
             The game lasted 00:18:11 (3564 turns).

jestyr24 the Chopper (Hill Orc Fighter)             Turns: 3564, Time: 00:18:12

Health: -9/53      AC: 15    Str: 29    XL:     6   Next: 47%
Magic:  8/8        EV:  5    Int: 18    God:    Cheibriados [****..]
Gold:   155        SH: 11    Dex: 19    Spells: 8/8 levels left

rFire    . . .     SeeInvis .   a - +0 war axe
rCold    . . .     Faith    .   c - +0 kite shield
rNeg     . . .     Spirit   .   j - +0 plate armour
rPois    .         Reflect  .   m - +2 helmet
rElec    .         Harm     .   (no cloak)
rCorr    .         Rampage  .   (no gloves)
Will     .....                  (no boots)
Stlth    ..........             (no amulet)
HPRegen  0.17/turn              (no ring)
MPRegen  0.11/turn              (no ring)

@: very slow
A: no striking features
a: Renounce Religion, Bend Time, Temporal Distortion, Slouch


You were on level 7 of the Dungeon.
You worshipped Cheibriados.
Cheibriados was greatly pleased with you.
You visited 1 branch of the dungeon, and saw 5 of its levels.

You collected 155 gold pieces.

Inventory:

Hand Weapons
 a - a +0 war axe (weapon)
 o - a +0 hand axe of draining
 p - a +0 dagger of draining
Armour
 b - a +0 scale mail
 c - a +0 kite shield (worn)
 j - a +0 plate armour (worn)
 m - a +2 helmet (worn)
Scrolls
 e - 2 scrolls of identify {unknown}
 f - a scroll of summoning {unknown}
 h - 2 scrolls of teleportation {unknown}
 i - 5 scrolls of magic mapping {unknown}
 l - 2 scrolls of enchant armour {unknown}
 q - a scroll of immolation {unknown}
Potions
 d - a potion of might
 g - 2 potions of heal wounds {unknown}
 k - 2 potions of curing {unknown}
 n - a potion of attraction {unknown}


   Skills:
 * Level 4.6 Fighting
 - Level 4.7 Axes
 + Level 4.5 Armour
 + Level 4.5 Shields
 * Level 1.8 Spellcasting
 * Level 1.1 Invocations


You had 8 spell levels left.
You didn't know any spells.
Your spell library contained the following spells:

 Spells                   Type           Power      Damage    Failure   Level
 Magic Dart               Conj           4%         1d3       100%        1
 Blink                    Tloc           N/A        N/A       100%        2
 Call Imp                 Summ           1%         N/A       100%        2
 Slow                     Hex            1%         N/A       100%        2
 Confusing Touch          Hex            1%         N/A       100%        3
 Conjure Flame            Conj/Fire      1%         6-21      100%        3
 Gell's Gravitas          Tloc           0%         N/A       100%        3
 Mephitic Cloud           Conj/Pois/Air  1%         N/A       100%        3
 Animate Dead             Necr           0%         N/A       100%        4
 Petrify                  Tmut/Erth      1%         N/A       100%        4
 Borgnjor's Vile Clutch   Necr/Erth      0%         N/A       100%        5
 Metabolic Englaciation   Hex/Ice        0%         N/A       100%        5
 Yara's Violent Unravell  Hex/Tmut       0%         3d3       100%        5
 Death Channel            Necr           0%         N/A       100%        6
 Simulacrum               Ice/Necr       0%         N/A       100%        6


Dungeon Overview and Level Annotations

Branches:
Dungeon (4/15)
 Temple: D:4-7

Altars:
Cheibriados
Okawaru
Uskayaw

Shops:
D:3 *


Message History

An orc comes into view. It is wielding a +0 club.
A gargoyle comes into view. It is wielding a +0 mace.
The orc hits you but does no damage.
The orc shouts!
You slash the orc!
You kill the orc!
Cheibriados thoroughly appreciates the change of pace.
You hear a shout!
You hit the orc warrior.
The orc warrior is lightly wounded.
The orc warrior hits you with a +0 short sword.
Your shield and plate armour prevent you from hitting the orc warrior.
The orc warrior is lightly wounded.
The orc warrior barely misses you.
The gargoyle hurls a stone arrow at you.
The stone arrow hits you but does no damage.
An ogre comes into view. It is wielding a +0 giant club.
The orc hits you but does no damage.
The orc warrior hits you but does no damage.
You closely miss the orc warrior. You hit the gargoyle. You hit the orc.
You block the orc warrior's attack. You block the orc's attack.
The gargoyle hits you with a +0 mace.
Your shield and plate armour prevent you from hitting the orc.
The orc is almost dead.
You closely miss the orc warrior. You hit the gargoyle but do no damage.
The orc warrior hits you with a +0 short sword.
You block the orc's attack. The gargoyle hits you with a +0 mace!
You block the orc warrior's attack. You block the orc's attack.
The gargoyle hurls a stone arrow at you.
The stone arrow hits you! The gargoyle hits you with a +0 mace!
* * * LOW HITPOINT WARNING * * *
Found a hunting sling.
Unknown command.
The orc warrior hits you but does no damage.
You block the orc warrior's attack.
Found 13 gold pieces.
A centaur skeleton comes into view.
The gargoyle hurls a stone arrow at you.
The stone arrow hits you!!
You die...

..#.....#..##
.........#.##
...#..#..o.#
.....####).#
.....####K##
.........o##
......#.o#o##
..)....9..#
.........@#
..........Z..#
............##
............#
.............
...#...##....
...... #.#.$
..... .....


You could see an orc warrior, a gargoyle, 2 orcs, a kobold and a centaur
skeleton.

Vanquished Creatures
  A hound (D:2)
  3 orc priests
  An orc wizard (D:3)
  8 adders
  2 worms
  2 dart slugs
  13 orcs
  3 endoplasms
  4 giant cockroaches
  10 goblins
  8 hobgoblins
  6 jackals
  2 quokkas
  6 ball pythons
  5 bats
  2 frilled lizards (D:2)
  4 kobolds (D:1)
  7 rats
87 creatures vanquished.

Notes
Turn   | Place    | Note
-------+----------+-------------------------------------------
     0 | D:1      | jestyr24 the Hill Orc Fighter began the quest for the Orb.
     0 | D:1      | Reached XP level 1. HP: 19/19 MP: 1/1
   111 | D:1      | Found a faded altar of an unknown god.
   119 | D:1      | Became a worshipper of Cheibriados the Contemplative
   119 | D:1      | Reached * piety under Cheibriados
   155 | D:1      | Reached XP level 2. HP: 20/27 MP: 2/2
   571 | D:1      | Reached XP level 3. HP: 31/33 MP: 3/3
   573 | D:1      | Reached ** piety under Cheibriados
   884 | D:2      | Found a hide-covered altar of Uskayaw.
   932 | D:2      | Reached XP level 4. HP: 22/40 MP: 3/5
  1125 | D:2      | Reached skill level 1 in Spellcasting
  1908 | D:2      | Reached XP level 5. HP: 46/46 MP: 6/6
  2234 | D:3      | Reached *** piety under Cheibriados
  2580 | D:3      | Found Beasi's General Store.
  2725 | D:3      | Reached XP level 6. HP: 52/52 MP: 8/8
  3359 | D:4      | Reached **** piety under Cheibriados
  3366 | D:4      | Reached skill level 1 in Invocations
  3455 | D:4      | Found an iron altar of Okawaru.
  3550 | D:4      | You fall into a shaft and drop 3 floors!
  3550 | D:7      | Noticed an orc warrior
  3555 | D:7      | Noticed a gargoyle
  3564 | D:7      | Killed from afar by a gargoyle

Illustrated notes

Levels and vault maps discovered:
D:1:      minmay_arrival_solitary_statue, layout_basic,
          ebering_ecumenical_altar_box
D:2:      kennysheep_big_flooded_room, layout_loops_corners, serial_aquarium,
          aquarium_bridge_square [aquarium_subvault_wall,
          aquarium_subvault_window, aquarium_subvault_bridge,
          aquarium_subvault_bridge], aquarium_window_fake, aquarium_window_3,
          aquarium_view_2d, aquarium_view_2d, aquarium_balcony_1b,
          aquarium_pool_corner, basic_altar
D:3:      wad_river_or_something, layout_loops_ring, serial_shops, shop
D:4:      layout_cave_pools, elyvilon_altar_3, nicolae_overflow_crystal_walls
D:7:      layout_cave_pools, serial_shops,
          nicolae_shop_temple_entry_statues_fountains

Skill      XL: |  1  2  3  4  5  6 |
---------------+-------------------+-----
Axes           | 3 4 |  4.7
Fighting       | 4 |  4.6
Spellcasting   | 1 |  1.8
Armour         | 4 |  4.5
Shields        | 4 |  4.5
Invocations    | 1 |  1.1

Action                   |  1- 3 |  4- 6 || total
-------------------------+-------+-------++-------
Melee: War axe           |    80 |   173 ||   253
Armor: Scale mail        |    46 |     1 ||    47
       Plate armour      |       |   115 ||   115
Dodge: Dodged            |    29 |    32 ||    61
Block: Kite shield       |    54 |   114 ||   168

Table legend: (Time is in decaauts)
 A = Elapsed time spent in this place.
 B = Non-inter-level travel time spent in this place.
 C = Inter-level travel time spent in this place.
 D = Time resting spent in this place.
 E = Time spent auto-exploring this place.
 F = Levels seen in this place.
 G = Mean time per level.
                   A        B        C        D        E       F      G
               +--------+--------+--------+--------+--------+-----+--------+
         Total |   5012 |   4739 |    273 |    509 |   3128 |   5 | 1002.4 |
       Dungeon |   5012 |   4739 |    273 |    509 |   3128 |   5 | 1002.4 |
               +--------+--------+--------+--------+--------+-----+--------+

Top non-repeatable levels by time:
     D:2: 2071 daAuts
     D:3: 1605 daAuts
     D:1: 918 daAuts
     D:4: 394 daAuts
     D:7: 22 daAuts
